 Dungeon Crawl Stone Soup version 0.19-a0-733-geeb8733 (webtiles) character file.

242 Ordine the Magician (level 5, 0/42 HPs)
             Began as a Deep Elf Wizard on June 22, 2016.
             Killed from afar by an orc wizard (7 damage)
             ... with a puff of flame
             ... on level 3 of the Dungeon.
             The game lasted 00:09:46 (3384 turns).

Ordine the Magician (Deep Elf Wizard)               Turns: 3384, Time: 00:09:46

Health: 0/42       AC: 22    Str:  9    XL:     5   Next: 82%
Magic:  0/16       EV:  2    Int: 24    God:
Gold:   163        SH:  0    Dex: 13    Spells: 5 memorised, 7 levels left

rFire  . . .     SeeInvis .     (no weapon)
rCold  . . .     Gourm    .     (armour currently unavailable)
rNeg   + + +     Faith    .     (no shield)
rPois  +         Spirit   .     (helmet currently unavailable)
rElec  .         Dismiss  .     (cloak currently unavailable)
rCorr  .         Reflect  .     (gloves currently unavailable)
SustAt +         Harm     .     (boots currently unavailable)
MR     .....     NoTele   +     (no amulet)
Stlth  +++.......               k - ring of flight
                                b - ring of sustain attributes

@: mighty, tree-form, hasted, repel missiles, very quick, not resistant to
hostile enchantments, fairly stealthy
A: no striking features
a: no special abilities


You were on level 3 of the Dungeon.
You were very hungry.
You were a tree.
You visited 1 branch of the dungeon, and saw 3 of its levels.

You collected 163 gold pieces.

Inventory:

Armour
 a - a +0 robe (melded)
 j - a +1 helmet (melded)
Jewellery
 b - a ring of sustain attributes (left branch)
 k - a ring of flight (right branch)
Wands
 q - a wand of lightning (6/15)
Scrolls
 i - 3 scrolls of remove curse
 m - a scroll of enchant armour
 r - a scroll of amnesia
Potions
 g - a potion of berserk rage
 s - a potion of degeneration {unknown}
 t - a potion of curing {unknown}
Books
 c - a book of Minor Magic

   Spells                             Type                      Level
   a - Magic Dart                     Conjuration                  1
   b - Blink                          Translocation                2
   c - Call Imp                       Summoning                    2
   d - Repel Missiles                 Charms/Air                   2
   e - Slow                           Hexes                        2
   f - Conjure Flame                  Conjuration/Fire             3
   g - Mephitic Cloud                 Conjuration/Poison/Air       3
Comestibles
 d - 4 bread rations
 f - a slice of pizza
 h - 3 meat rations
 o - a beef jerky


   Skills:
 - Level 2.4 Dodging
 - Level 2.4 Stealth
 * Level 7.1 Spellcasting
 + Level 2.9 Conjurations
 + Level 1.7 Charms
   Level 1.1 Summonings
 - Level 3.0 Translocations


You had 7 spell levels left.
You knew the following spells:

 Your Spells              Type           Power        Failure   Level  Hunger
a - Magic Dart            Conj           ###.         1%          1    None
b - Blink                 Tloc           N/A          3%          2    None
c - Conjure Flame         Conj/Fire      ###.....     14%         3    None
d - Mephitic Cloud        Conj/Pois/Air  ##......     17%         3    None
i - Repel Missiles        Chrm/Air       ##....       10%         2    None


Dungeon Overview and Level Annotations

Branches:
Dungeon (3/15)

Altars:
Elyvilon


Message History

The orc priest miscasts a cantrip.
Casting: Magic Dart
Confirm with . or Enter, or press ? or * to list all spells.
Aiming: Magic Dart
Press: ? - help, Shift-Dir - straight line, f - orc
Aim: an orc, wearing a scale mail (heavily wounded)
The magic dart hits something.
Something barely misses you.
You hear some strange, mumbled words.
A magic dart appears from out of thin air!
The magic dart hits you!
* * * LOW HITPOINT WARNING * * *
The orc priest casts a cantrip, but nothing happens.
It was a potion of lignification.
You turn into a tree.
Your +1 helmet melds into your body.
Your +0 robe melds into your body.
Your roots penetrate the ground.
Something completely misses you.
It was a potion of haste.
You feel yourself speed up.
You hear some strange, mumbled words.
A puff of flame appears from out of thin air!
The puff of flame hits you!
You die...

#...o..... #.#.###########
#.o%..# #.#..<.......). #o#
###'#######...### #.# #....#
#...# #.# #....# #...# #o# #....#
#...# #.# #....# #...#
########.########....# #...#
......##.....oo.♣....# #...#
#.###.###########....############
#.# #.#..........................
#.# #.#.......................>..
#.# #.#..########....############
#.# #.#..# #...................
#†# #.#..# #.##################
#.# #.#..# #.#....)...# #.#
#.#..# #.#.######.#


You could see an orc priest and an orc.

Vanquished Creatures
  A phantom (D:2)
  An orc wizard (D:3)
  4 adders
  2 worms (D:2)
  2 giant geckos (D:3)
  7 orcs (D:3)
  7 bats
  5 giant cockroaches
  13 goblins
  9 hobgoblins
  5 jackals (D:3)
  9 kobolds
  2 ball pythons
  13 giant newts
  11 rats
91 creatures vanquished.

Vanquished Creatures (others)
  2 jackals (D:3)
  A kobold (D:3)
3 creatures vanquished.

Grand Total: 94 creatures vanquished

Notes
Turn   | Place    | Note
--------------------------------------------------------------
     0 | D:1      | Ordine the Deep Elf Wizard began the quest for the Orb.
     0 | D:1      | Reached XP level 1. HP: 10/10 MP: 7/7
   249 | D:1      | Reached XP level 2. HP: 15/15 MP: 7/9
   253 | D:1      | Learned a level 2 spell: Blink
   257 | D:1      | Reached skill level 5 in Spellcasting
   544 | D:1      | Reached XP level 3. HP: 19/19 MP: 3/11
   549 | D:1      | Learned a level 3 spell: Conjure Flame
   553 | D:1      | Learned a level 3 spell: Mephitic Cloud
   556 | D:1      | Learned a level 2 spell: Repel Missiles
  1779 | D:2      | Reached XP level 4. HP: 24/24 MP: 11/13
  2137 | D:2      | Noticed a phantom
  2168 | D:2      | Killed a phantom
  2168 | D:2      | Reached skill level 6 in Spellcasting
  2168 | D:2      | Reached XP level 5. HP: 24/28 MP: 0/15
  2635 | D:3      | Found a white marble altar of Elyvilon.
  2891 | D:3      | Reached skill level 1 in Charms
  3375 | D:3      | Reached skill level 7 in Spellcasting
  3384 | D:3      | Killed from afar by an orc wizard

Vault maps used:
D:1:      dpeg_arrival_tiny_k, minmay_newt_pond
D:2:      dk_noncrumbling_4
D:3:      elyvilon_altar_4, serial_park_tiny_1

Skill      XL: |  1  2  3  4  5 |
---------------+----------------+-----
Spellcasting   | 5 6 7 |  7.1
Translocations | 2 3 |  3.0
Conjurations   | 2 |  2.9
Charms         | 1 |  1.7
Dodging        | |  2.4
Stealth        | |  2.4
Summonings     | |  1.1

Action                   |  1- 3 |  4- 6 || total
-------------------------+-------+-------++-------
Melee: Unarmed           |     1 |     4 ||     5
 Cast: Magic Dart        |    99 |   118 ||   217
       Repel Missiles    |     1 |       ||     1
       Conjure Flame     |       |     2 ||     2
       Blink             |       |     1 ||     1
  Use: Scroll            |    10 |     3 ||    13
       Potion            |       |     3 ||     3
  Eat: Chunk             |     2 |     4 ||     6
Armor: Robe              |     1 |     3 ||     4
Dodge: Dodged            |     7 |    13 ||    20
       Deflected         |       |     1 ||     1
